 Dungeon Crawl Stone Soup version 0.25-a0-356-g7c9d860 (webtiles) character file.

Game seed: 17453234900328304958, levelgen mode: deterministic

289 MrTaco21 the Cudgeler (level 6, 0/37 HPs)
             Began as a Gargoyle Fighter on Jan 3, 2020.
             Slain by an orc
             ... wielding a +0 club
              (2 damage)
             ... on level 3 of the Dungeon.
             The game lasted 00:06:33 (2264 turns).

MrTaco21 the Cudgeler (Gargoyle Fighter)            Turns: 2264, Time: 00:06:34

Health: 0/37       AC:  0    Str: 22    XL:     6   Next: 31%
Magic:  6/6        EV: 17    Int:  8    God:
Gold:   129        SH:  0    Dex: 14    Spells: 5/5 levels left

rFire    . . .     SeeInvis .   (weapon currently unavailable)
rCold    . . .     Gourm    .   (shield currently unavailable)
rNeg     + . .     Faith    .   (armour currently unavailable)
rPois    ∞         Spirit   .   (helmet currently unavailable)
rElec    .         Reflect  .   (cloak currently unavailable)
rCorr    .         Harm     .   (gloves currently unavailable)
MR       .....                  (boots currently unavailable)
Stlth    +.........             (no amulet)
HPRegen  0.12/turn              (ring currently unavailable)
MPRegen  0.10/turn              (ring currently unavailable)

@: about to teleport, bat-form, flying, very quick
A: tiny, negative energy resistance 1, petrification resistance, rot immunity,
AC +4
a: no special abilities


You were on level 3 of the Dungeon.
You were not hungry.
You were in bat-form.
You visited 1 branch of the dungeon, and saw 3 of its levels.

You collected 129 gold pieces.

Inventory:

Hand Weapons
 h - a +0 morningstar (melded)
   (You took it off a gnoll on level 2 of the Dungeon)
Armour
 b - a +0 scale mail (melded)
 c - a +0 shield (melded)
Wands
 u - a wand of paralysis (8)
   (You found it on level 2 of the Dungeon)
Scrolls
 g - 8 scrolls of remove curse {unknown}
 i - 5 scrolls of identify {unknown}
 k - a scroll of fog {unknown}
Potions
 d - a potion of might
 f - a potion of agility {unknown}
 j - 3 potions of curing {unknown}
 l - a potion of degeneration {unknown}
 n - a potion of cancellation {unknown}
Comestibles
 a - 3 chunks of flesh
 e - 2 rations {!d}


   Skills:
 - Level 3.2 Fighting
 + Level 6.5 Maces & Flails
 - Level 3.2 Armour
 - Level 3.2 Shields


You had 5 spell levels left.
You didn't know any spells.
Your spell library was empty.

Dungeon Overview and Level Annotations

Branches:
Dungeon (3/15)

Altars:

Annotations:
D:3 Ijyb


Innate Abilities, Weirdness & Mutations

You are resistant to torment.
((Your stone body is resilient. (AC +4)))
You are immune to poison.
You resist negative energy. (rN+)
((You are resistant to electric shocks. (rElec)))
((You can survive without breathing.))
You are immune to petrification.
You are immune to rotting.


Message History

The orc hits you but does no damage.
Unknown command.
You hit Ijyb but do no damage. The orc misses you.
Ijyb screams, "Get away!"
Ijyb zaps a wand.
You resist with some effort. The orc hits you.
* * * LOW HITPOINT WARNING * * *
You hit Ijyb but do no damage. The orc hits you with a +0 dagger!
* * * LOW HITPOINT WARNING * * *
The orc closely misses you.
Ijyb zaps a wand.
You resist with some effort. The orc misses you.
You barely miss the orc. The orc hits you with a +0 dagger.
* * * LOW HITPOINT WARNING * * *
The orc closely misses you. Ijyb hits you but does no damage.
You hit the orc but do no damage. The orc misses you. x2
Unknown command.
You hit the orc but do no damage. The orc barely misses you.
The orc closely misses you. Ijyb closely misses you.
The orc hits you with a +0 dagger.
* * * LOW HITPOINT WARNING * * *
You hit the orc but do no damage. The orc misses you.
The orc completely misses you.
Ijyb zaps a wand.
The orc closely misses you.
Unknown command.
You barely miss the orc. The orc misses you. Ijyb hits you with a +0 club.
* * * LOW HITPOINT WARNING * * *
The orc hits you with a +0 club.
* * * LOW HITPOINT WARNING * * *
The orc completely misses you.
You hit the orc but do no damage. The orc closely misses you.
The orc completely misses you. Ijyb hits you but does no damage.
The orc completely misses you.
You barely miss the orc. The orc misses you. The orc barely misses you.
Ijyb hits you with a +0 club.
* * * LOW HITPOINT WARNING * * *
You hit the orc but do no damage. The orc barely misses you.
The orc closely misses you. The orc misses you.
Unknown command.
You hit the orc but do no damage. Ijyb hits you with a +0 club.
* * * LOW HITPOINT WARNING * * *
The orc misses you. The orc hits you.
* * * LOW HITPOINT WARNING * * *
As you read the scroll labeled NOIPITATETH, it crumbles to dust.
You feel strangely unstable.
It was a scroll of teleportation.
The orc misses you.
Ijyb zaps a wand.
The now-empty wand crumbles to dust.
The orc hits you with a +0 club.
You die...

#.# #.# #.# #.# #.# #.#
#.#########
#######.........####
#>.gbo.......[......
#...oo###...÷..#.##
#.....# #..###.#..#
#.....# #..###.#..####
#.....+...............
.......###..###.#.#.###
(.......# #..#
#.#.#..## ...#?....
...# #.#......
#.####.##


You could see Ijyb and 3 orcs.

Vanquished Creatures
  Sigmund (D:3)
  A hound (D:2)
  4 gnolls (D:2)
  2 adders (D:2)
  A dart slug (D:1)
  4 leopard geckos
  9 bats
  A giant cockroach (D:1)
  3 goblins
  6 hobgoblins
  7 kobolds
  A quokka (D:2)
  3 frilled lizards
  10 rats
53 creatures vanquished.

Notes
Turn   | Place    | Note
-------+----------+-------------------------------------------
     0 | D:1      | MrTaco21 the Gargoyle Fighter began the quest for the Orb.
     0 | D:1      | Reached XP level 1. HP: 14/14 MP: 1/1
   229 | D:1      | Reached XP level 2. HP: 19/19 MP: 2/2
   376 | D:1      | Reached skill level 3 in Maces & Flails
   803 | D:2      | Reached XP level 3. HP: 23/23 MP: 3/3
  1284 | D:2      | Reached skill level 4 in Maces & Flails
  1290 | D:2      | Reached XP level 4. HP: 26/28 MP: 4/4
  1614 | D:2      | Reached skill level 5 in Maces & Flails
  1614 | D:2      | Reached XP level 5. HP: 27/32 MP: 5/5
  2019 | D:3      | Noticed Sigmund
  2039 | D:3      | Killed Sigmund
  2039 | D:3      | Reached skill level 6 in Maces & Flails
  2039 | D:3      | Reached XP level 6. HP: 18/37 MP: 6/6
  2237 | D:3      | Noticed Ijyb
  2263 | D:3      | HP: 1/37 [orc (1)]
  2264 | D:3      | Slain by an orc

Levels and vault maps discovered:
D:1:      lightli_arrival_noodles, layout_basic
D:2:      minmay_general_purpose_star, layout_basic, dk_vineyard_3
D:3:      layout_basic, minmay_ogre_servants, uniq_robin, uniq_ijyb,
          uniq_crazy_yiuf_cottage, uniq_sigmund

Skill      XL: |  1  2  3  4  5 |
---------------+----------------+-----
Maces & Flails | 3 4 5 6 |  6.5
Fighting       | |  3.2
Armour         | |  3.2
Shields        | |  3.2

Action                   |  1- 3 |  4- 6 || total
-------------------------+-------+-------++-------
Melee: Flail             |   136 |    87 ||   223
       Morningstar       |       |    34 ||    34
       Unarmed           |       |    20 ||    20
  Use: Scroll            |       |     1 ||     1
  Eat: Chunk             |     1 |     4 ||     5
Armor: Scale mail        |   106 |    84 ||   190
Dodge: Dodged            |    73 |    98 ||   171
Block: Shield            |    92 |    79 ||   171

Table legend:
 A = Non-vault XP
 B = Vault XP
 C = Vault XP percentage of total XP
 D = Non-vault monster count
 E = Vault monster count
 F = Vault count percentage of total count
                 A         B        C        D         E       F
            +---------+---------+-------+---------+---------+-------
      Total |     183 |     231 |  55.8 |      48 |       5 |   9.4
            +---------+---------+-------+---------+---------+-------
        D:1 |      29 |       0 |   0.0 |      17 |       0 |   0.0
        D:2 |     146 |      19 |  11.5 |      26 |       4 |  13.3
        D:3 |       8 |     212 |  96.4 |       5 |       1 |  16.7
            +---------+---------+-------+---------+---------+-------
